 Dungeon Crawl Stone Soup version 0.21.0 (webtiles) character file.

2581 Leibowitz the Slicer (level 9, 0/55 HPs)
             Began as a Kobold Gladiator on Jan 7, 2018.
             Was a Believer of Wu Jian.
             Slain by a hornet (13 damage)
             ... while paralysed by a hornet
             ... on level 8 of the Dungeon.
             The game lasted 00:27:01 (9063 turns).

Leibowitz the Slicer (Kobold Gladiator)             Turns: 9063, Time: 00:27:02

Health: 0/55       AC: 10    Str: 15    XL:     9   Next: 88%
Magic:  9/9        EV:  3    Int:  9    God:    Wu Jian [**....]
Gold:   366        SH:  0    Dex: 19    Spells: 8/8 levels left

rFire    . . .     SeeInvis .   a - +1 rapier
rCold    + + .     Gourm    .   h - +1 buckler "Bamuwy" {*Slow rC++ Str+3}
rNeg     + . .     Faith    .   b - +0 leather armour
rPois    .         Spirit   .   k - +1 helmet
rElec    .         Reflect  .   m - +0 cloak
rCorr    .         Harm     .   (no gloves)
MR       .....                  (no boots)
Stlth    ++++......             (no amulet)
HPRegen  0.18/turn              F - ring of positive energy
MPRegen  0.11/turn              D - +4 ring of protection

@: paralysed
A: small, carnivore
a: Wall Jump, Renounce Religion


You were on level 8 of the Dungeon.
You worshipped Wu Jian.
Wu Jian was pleased with you.
You were completely stuffed.

You visited 2 branches of the dungeon, and saw 9 of its levels.

You collected 366 gold pieces.

Inventory:

Hand Weapons
 a - a +1 rapier (weapon)
Missiles
 d - a throwing net (quivered)
 r - 25 poisoned needles
Armour
 b - a +0 leather armour (worn)
 h - the +1 buckler "Bamuwy" (worn) {*Slow rC++ Str+3}
   (You found it on level 8 of the Dungeon)

   It affects your strength (+3).
   It greatly protects you from cold.
   It may slow you when you take damage.
 k - a +1 helmet (worn)
 m - a +0 cloak (worn)
Jewellery
 v - an uncursed ring of fire
 D - a +4 ring of protection (right hand)
 F - a ring of positive energy (left hand)
Wands
 s - a wand of enslavement (19)
 y - a wand of iceblast (13)
Scrolls
 i - 2 scrolls of teleportation
 o - a scroll of enchant weapon
 p - a scroll of fear
 t - a scroll of magic mapping
 u - a scroll of fog
 A - 2 scrolls of identify
 B - 2 scrolls of remove curse
 C - 2 scrolls of enchant armour
Potions
 c - a potion of lignification {unknown}
 e - 3 potions of curing
 g - 2 potions of resistance
 j - a potion of flight
 n - a potion of invisibility
 q - 4 potions of agility
 w - 2 potions of cancellation
 x - a potion of might {unknown}
 z - a potion of brilliance {unknown}
Comestibles
 f - 18 rations
 l - 4 chunks of flesh


   Skills:
 * Level 5.8 Fighting
 * Level 11.5 Short Blades
 - Level 2.1 Throwing
 + Level 2.7 Armour
 * Level 7.1 Dodging
 * Level 7.0 Stealth


You had 8 spell levels left.
You didn't know any spells.

Dungeon Overview and Level Annotations

Branches:
Dungeon (8/15)             Temple (1/1) D:4
   Lair: D:8-11

Altars:
Ashenzari
Cheibriados
Dithmenos
Elyvilon
Fedhas
Gozag
Hepliaklqana
Kikubaaqudgha
Makhleb
Nemelex Xobeh
Okawaru
Qazlal
Ru
Sif Muna
Trog
Uskayaw
Vehumet
Wu Jian
Xom
Yredelemnul
Zin
The Shining One

Annotations:
D:4 MovingMist's ghost, amateur DsAK; Sigmund
D:6 Leibowitz's ghost, novice KoGl
D:7 skk's ghost, novice DsFi
D:8 skk's ghost, novice DsFi


Innate Abilities, Weirdness & Mutations

You are small and have problems with some larger weapons.
You are carnivorous and can eat meat at any time.


Message History

You feel as though you will be slow longer.
The hornet closely misses you.
Evoke which item? (* to show all) (? for menu, Esc to quit)
Aiming: Iceblast
Press: ? - help, Shift-Dir - straight line The mass of ice explodes!
The iceblast engulfs the hornet.
The hornet is severely wounded.
You hear a horrible gurgling sound!
You block the hornet's attack. The hornet misses you.
You spin and attack the hornet repeatedly.
You hit the hornet but do no damage.
The hornet is severely wounded.
You hit the hornet but do no damage.
The hornet is severely wounded.
The hornet stings you!
* * * LOW HITPOINT WARNING * * *
You suddenly lose the ability to move!
The hornet barely misses you.
You feel yourself speed up. The hornet stings you!
You die...

#.......#.......##
#.......#.......#
#
##.=#...##.....##
#. #..).(.# ##.###
#.##...#..# ..
#..?......#
##........#
#.##.#...#
#.#.@y...#
#.#..#.....#
#.##.#...... #.
..# ..... #. ###
..... #. .... ....


You could see a hornet (pinned).

Vanquished Creatures
  A hippogriff (D:8)
  A steam dragon (D:7)
  A hungry ghost (D:7)
  A water moccasin (D:6)
  3 centaurs
  An ogre (D:6)
  A bullfrog (D:8)
  3 scorpions
  A wyvern skeleton (D:8)
  3 wights (D:6)
  3 howler monkeys
  2 jellies
  4 crimson imps
  5 hounds
  5 orc priests
  Crazy Yiuf (D:2)
  Terence (D:2)
  3 orc wizards
  3 iguanas
  8 worker ants
  A killer bee zombie (D:7)
  A howler monkey zombie (D:5)
  7 adders
  3 gnolls (D:4)
  2 shadow imps (D:6)
  An ooze (D:7)
  An adder zombie (D:5)
  An adder skeleton (D:7)
  2 worms
  4 leopard geckos
  28 orcs
  A ball python (D:3)
  4 giant cockroaches
  9 goblins
  6 hobgoblins
  26 jackals
  4 kobolds
  3 quokkas
  2 ball python skeletons
  10 bats
  5 frilled lizards
  A leopard gecko skeleton (D:5)
  A quokka skeleton (D:5)
  A quokka zombie (D:5)
  4 rats
179 creatures vanquished.

Notes
Turn   | Place    | Note
-------+----------+-------------------------------------------
     0 | D:1      | Leibowitz the Kobold Gladiator began the quest for the Orb.
     0 | D:1      | Reached XP level 1. HP: 12/12 MP: 1/1
   148 | D:1      | Reached XP level 2. HP: 17/17 MP: 2/2
   798 | D:1      | Reached skill level 1 in Stealth
   867 | D:2      | Noticed Terence
   883 | D:2      | Killed Terence
   883 | D:2      | Reached XP level 3. HP: 19/22 MP: 3/3
   995 | D:2      | Reached XP level 4. HP: 21/27 MP: 4/4
  1011 | D:2      | Reached skill level 5 in Short Blades
  1185 | D:2      | Found a runed door.
  1189 | D:2      | Noticed Crazy Yiuf
  1194 | D:2      | Killed Crazy Yiuf
  1552 | D:3      | Reached XP level 5. HP: 9/31 MP: 5/5
  2113 | D:3      | Reached skill level 6 in Short Blades
  2498 | D:3      | Reached XP level 6. HP: 36/36 MP: 6/6
  3150 | D:4      | Noticed MovingMist's ghost (amateur DsAK)
  3377 | D:4      | Reached skill level 5 in Dodging
  3643 | D:4      | Reached skill level 1 in Armour
  3656 | D:4      | Reached skill level 7 in Short Blades
  3656 | D:4      | Reached XP level 7. HP: 35/41 MP: 7/7
  3662 | D:4      | Found a staircase to the Ecumenical Temple.
  3727 | Temple   | Entered the Ecumenical Temple
  4037 | D:5      | Entered Level 5 of the Dungeon
  4130 | D:5      | HP: 1/41 [howler monkey zombie (6)]
  4533 | D:5      | Reached skill level 8 in Short Blades
  4731 | D:5      | Reached XP level 8. HP: 23/48 MP: 8/8
  5064 | D:5      | Found a snail-covered altar of Cheibriados.
  5078 | D:5      | Found an ornate altar of the Wu Jian Council.
  5082 | D:5      | Became a worshipper of the Wu Jian Council
  5088 | D:5      | Found a shimmering altar of Xom.
  5091 | D:5      | Found a basalt altar of Yredelemnul.
  5743 | D:4      | Noticed Sigmund
  5843 | D:6      | Noticed Leibowitz's ghost (novice KoGl)
  6484 | D:6      | Reached skill level 9 in Short Blades
  6484 | D:6      | Reached skill level 5 in Stealth
  6524 | D:6      | Found an ancient bone altar of Kikubaaqudgha.
  6666 | D:6      | Reached * piety under Wu Jian
  7203 | D:6      | Reached XP level 9. HP: 52/52 MP: 9/9
  7348 | D:7      | Reached skill level 10 in Short Blades
  7447 | D:7      | Reached skill level 5 in Fighting
  7981 | D:7      | Noticed skk's ghost (novice DsFi)
  8527 | D:8      | Reached skill level 11 in Short Blades
  8561 | D:8      | Noticed skk's ghost (novice DsFi)
  8720 | D:7      | Reached ** piety under Wu Jian
  8982 | D:8      | Noticed a hippogriff
  8988 | D:8      | Killed a hippogriff
  9043 | D:8      | Noticed a hornet
  9045 | D:8      | Got a faintly humming buckler
  9053 | D:8      | Identified the +1 buckler "Bamuwy" {*Slow rC++ Str+3} (You found it on level 8 of the Dungeon)
  9062 | D:8      | Paralysed by a hornet for 2 turns
  9063 | D:8      | Slain by a hornet

Skill      XL: |  1  2  3  4  5  6  7  8  9 |
---------------+----------------------------+-----
Dodging        | 4 5 6 7 |  7.1
Stealth        | 1 2 3 4 5 7 |  7.0
Short Blades   | 5 6 7 8 9 11 | 11.5
Fighting       | 3 4 5 |  5.8
Armour         | 1 2 |  2.7
Throwing       | |  2.1

Action                   |  1- 3 |  4- 6 |  7- 9 || total
-------------------------+-------+-------+-------++-------
Melee: Rapier            |    60 |   228 |   655 ||   943
Throw: Throwing net      |     1 |     1 |     2 ||     4
Invok: Lunge             |       |       |    25 ||    25
       Whirlwind         |       |       |    21 ||    21
Evoke: Wand              |       |       |     1 ||     1
  Use: Potion            |       |       |     3 ||     3
       Scroll            |       |       |    18 ||    18
 Stab: Held in net/web   |     2 |     1 |     1 ||     4
       Sleeping          |     2 |     4 |    10 ||    16
       Distracted        |       |     1 |     2 ||     3
  Eat: Chunk             |     9 |     7 |    24 ||    40
Armor: Leather armour    |     7 |    37 |    98 ||   142
Dodge: Dodged            |    36 |   165 |   436 ||   637
Block: Buckler           |       |       |     2 ||     2
